[Event "Titled Tuesday Blitz July 20 2021"]
[White "Quintiliano Pinto, Renato R."]
[Black "Eynullayev, Atilla"]
[WhiteFideId "2117568"]
[BlackFideId "13413570"]
[WhiteElo "2439"]
[BlackElo "1997"]
[Result "0-1"]
[Round "08"]
[TimeControl "180+1"]
[Date "2021.07.21"]
[WhiteClock "0:00:09"]
[BlackClock "0:00:07"]

1. d4 Nf6 2. c4 e6 3. Nf3 d5 4. Nc3 dxc4 5. e3 a6 6. Bxc4 b5 7. Bb3 Bb7 8. O-O c5 9. e4 c4 10. Bc2 Nbd7 11. Qe2 Be7 12. Rd1 O-O 13. d5 Qc7 14. Bg5 e5 15. a3 Bd6 16. Nh4 h6 17. Be3 Nc5 18. Nf5 Rfd8 19. Nxd6 Qxd6 20. f3 Rac8 21. Qf2 Nfd7 22. Ne2 a5 23. Ng3 Nb3 24. Nf5 Qf6 25. Bxb3 cxb3 26. Rac1 g6 27. Nxh6+ Kh7 28. Ng4 Qd6 29. Qh4+ Kg8 30. Bg5 Rxc1 31. Rxc1 Rc8 32. Rxc8+ Bxc8 33. Nf6+ Nxf6 34. Bxf6 Qc5+ 35. Kf1 Qc1+ 36. Qe1 Qxb2 37. Qxa5 Qc1+ 38. Kf2 Qc5+ 39. Kg3 b2 40. Qd8+ Qf8 41. Qa5 b1=Q 42. Bxe5 Qc1 43. Bf4 Qcc5 44. Qd2 Qxa3 45. Be5 b4 46. Qf4 Qa7 47. Qf6 Kh7 48. h4 Qe3 49. Bf4 Qe1+ 50. Kh2 Qg7 51. Qg5 Be6 52. Qd8 Bxd5 53. exd5 Qxh4+ 54. Qxh4+ Kg8 55. Qd8+ Kh7 56. Qg5 f6 57. Qh4+ Kg8 58. Qf2 Qd7 59. Qc5 b3 60. Qd4 Qb7 61. Qxf6 b2 62. Be5 b1=Q 63. Qh8+ Kf7 64. Qf6+ Ke8 65. Qe6+ Qe7 66. Qc8+ Kf7 67. Bg3 Qf5 68. Qc3 Qh5+ 69. Kg1 Qxd5 70. Bf2 Qde5 71. Qd3 Q7d6 72. Qc4+ Kf6 73. Bh4+ g5 74. Bf2 Qd1+ 75. Qf1 Qee2 0-1


[Site "https://www.chess.com"]

[Event "Titled Tuesday Blitz July 20 2021"]
[White "Rahman, Ziaur"]
[Black "Zierk, Steven"]
[WhiteFideId "10200037"]
[BlackFideId "2034255"]
[WhiteElo "2460"]
[BlackElo "2494"]
[Result "0-1"]
[Round "08"]
[TimeControl "180+1"]
[Date "2021.07.20"]
[WhiteClock "0:00:01"]
[BlackClock "0:00:26"]

1. d4 d5 2. Nf3 Nf6 3. g3 c6 4. c4 Bg4 5. Ne5 Bf5 6. Qb3 Qb6 7. c5 Qc7 8. Bf4 Qc8 9. Nc3 Nbd7 10. Bg2 Nxe5 11. Bxe5 Nd7 12. e4 Nxe5 13. dxe5 dxe4 14. Bxe4 Be6 15. Qc2 g6 16. O-O h5 17. f4 h4 18. Rad1 hxg3 19. hxg3 Bc4 20. Rfe1 Qh3 21. Qg2 e6 22. b4 Qxg2+ 23. Kxg2 a5 24. b5 Bd5 25. Bxd5 cxd5 26. Na4 Be7 27. Rh1 O-O-O 28. Rxh8 Rxh8 29. Rc1 g5 30. Nb2 gxf4 31. gxf4 Rg8+ 32. Kf3 Bh4 33. Nd3 Rg3+ 34. Ke2 Rg2+ 35. Ke3 Rxa2 36. c6 Ra3 37. Rh1 Bf2+ 38. Ke2 Bd4 39. Rh7 bxc6 40. bxc6 Ra2+ 41. Kd1 a4 42. Rxf7 a3 43. Nb4 Ra1+ 44. Kc2 Bb2 45. Na6 Rc1+ 46. Kb3 Rxc6 0-1


[Site "https://www.chess.com"]

[Event "Titled Tuesday Blitz July 20 2021"]
[White "Rodriguez Hernandez, Luis Daniel"]
[Black "Indjic, Aleksandar"]
[WhiteFideId "3506770"]
[BlackFideId "911925"]
[WhiteElo "2133"]
[BlackElo "2643"]
[Result "1-0"]
[Round "08"]
[TimeControl "180+1"]
[Date "2021.07.20"]
[WhiteClock "0:00:36"]
[BlackClock "0:01:25"]

1. e4 c5 2. c3 d5 3. exd5 Qxd5 4. d4 Nf6 5. Nf3 Qd6 6. Na3 cxd4 7. Nb5 Qd8 8. Bf4 Na6 9. Qa4 Bd7 10. O-O-O Nd5 11. Qxd4 e6 12. Nd6+ Bxd6 13. Bxd6 f6 14. Ba3 Kf7 15. Bd3 Qb6 16. Be4 Qxd4 17. Nxd4 Rac8 18. Nxe6 Nxc3 19. Rxd7+ Kxe6 20. Re7# 1-0


[Site "https://www.chess.com"]

[Event "Titled Tuesday Blitz July 20 2021"]
[White "Rorrer, Grayson"]
[Black "Babiy, Olga"]
[WhiteFideId "30944996"]
[BlackFideId "14117258"]
[WhiteElo "2122"]
[BlackElo "2230"]
[Result "1-0"]
[Round "08"]
[TimeControl "180+1"]
[Date "2021.07.21"]
[WhiteClock "0:00:02"]
[BlackClock "0:00:02"]

1. e4 d6 2. d4 Nf6 3. Nc3 e5 4. Nf3 Nbd7 5. Bc4 Be7 6. O-O O-O 7. Re1 a6 8. a4 b6 9. Qe2 c6 10. Bb3 Rb8 11. Bg5 b5 12. axb5 axb5 13. Rad1 Qc7 14. d5 b4 15. dxc6 bxc3 16. cxd7 Bxd7 17. bxc3 Be6 18. c4 h6 19. Bh4 g5 20. Bg3 Nh5 21. Rd5 Bxd5 22. cxd5 Bf6 23. Nd2 Nf4 24. Qg4 Qc8 25. Qd1 Rb4 26. Nf1 Kg7 27. f3 Bd8 28. Bf2 f5 29. Ng3 fxe4 30. fxe4 Kh7 31. Be3 Bb6 32. Bxb6 Rxb6 33. Qd2 Qc5+ 34. Kh1 Rb7 35. Nf5 Rbf7 36. g3 Ng6 37. Qe2 Rxf5 38. exf5 Rxf5 39. c4 Rf2 40. Qe4 Qb4 41. Bc2 Rf6 42. h4 gxh4 43. gxh4 h5 44. Rg1 Qd2 45. Rxg6 Qc1+ 46. Rg1+ Kh6 47. Qh7# 1-0


[Site "https://www.chess.com"]

[Event "Titled Tuesday Blitz July 20 2021"]
[White "Rozhkov, Viacheslav"]
[Black "davigator"]
[WhiteFideId "4181484"]
[WhiteElo "2324"]
[BlackElo "2412"]
[Result "1-0"]
[Round "08"]
[TimeControl "180+1"]
[Date "2021.07.21"]
[WhiteClock "0:01:02"]
[BlackClock "0:00:42"]

1. e4 c5 2. Nf3 Nc6 3. d4 cxd4 4. Nxd4 Nf6 5. Nc3 d6 6. Bc4 Bd7 7. Bb3 Rc8 8. Be3 a6 9. Qe2 b5 10. O-O-O Na5 11. Kb1 e6 12. f3 Be7 13. g4 Nc4 14. Bc1 g6 15. h4 Qc7 16. h5 Qc5 17. hxg6 fxg6 18. f4 b4 19. Na4 Qc7 20. g5 Nh5 21. Rxh5 gxh5 22. Qxh5+ Kd8 23. Qf7 e5 24. Ne6+ Bxe6 25. Qxe6 Ke8 26. f5 Qd7 27. Bxc4 Qxa4 28. Qxc8+ Bd8 29. Rxd6 Qa5 30. Qe6+ Be7 31. Qf7# 1-0


[Site "https://www.chess.com"]

[Event "Titled Tuesday Blitz July 20 2021"]
[White "Rustemov, Alexander"]
[Black "Belyakov, Bogdan"]
[WhiteFideId "4119002"]
[BlackFideId "24104795"]
[WhiteElo "2856"]
[BlackElo "2407"]
[Result "0-1"]
[Round "08"]
[TimeControl "180+1"]
[Date "2021.07.20"]
[WhiteClock "0:00:04"]
[BlackClock "0:00:13"]

1. d4 Nf6 2. c4 g6 3. Nf3 Bg7 4. g3 O-O 5. Bg2 d6 6. Nc3 Nc6 7. O-O a6 8. h3 Bd7 9. e4 e5 10. Be3 exd4 11. Nxd4 Nxd4 12. Bxd4 Re8 13. Re1 Qc8 14. Kh2 Rb8 15. Rc1 c5 16. Be3 Bf8 17. Bg5 Re6 18. Qd2 b5 19. b3 bxc4 20. bxc4 Bc6 21. f4 h6 22. f5 hxg5 23. fxe6 Qxe6 24. Qxg5 Rb2 25. Qe3 Qe5 26. Re2 Rxe2 27. Qxe2 Bh6 28. Rc2 Bd7 29. Nd5 Nh5 30. Qf3 Be6 31. Rf2 Kg7 32. Nf4 Bxc4 33. Nxh5+ gxh5 34. Qf5 Qxf5 35. Rxf5 Bxa2 36. Bf1 a5 37. e5 Be6 38. Rxh5 d5 39. Rh4 c4 40. Rd4 Be3 41. Rd1 d4 42. Ra1 c3 43. Bd3 Bb3 44. Rxa5 c2 45. Rc5 c1=Q 46. Rxc1 Bxc1 47. Kg2 Bd5+ 48. Kf2 Be3+ 49. Ke2 Kf8 50. h4 Ke7 51. Bf5 Be6 52. Be4 Bc4+ 53. Kf3 Ke6 54. g4 Kxe5 55. Bh7 Bh6 56. g5 Bf8 57. Bc2 Bd5+ 58. Ke2 Be4 59. Bb3 d3+ 60. Kf2 Bc5+ 61. Kg3 d2 62. Bd1 Be3 63. Kg4 Kd4 64. h5 Kc3 65. h6 Kb2 66. Be2 Kc1 67. Kh4 d1=Q 68. Bxd1 Kxd1 69. Kg4 Ke2 70. Kh4 Kf3 71. Kh5 Bg6+ 72. Kh4 Kf4 73. Kh3 Kxg5 74. h7 Bxh7 0-1


[Site "https://www.chess.com"]

[Event "Titled Tuesday Blitz July 20 2021"]
[White "Samsonkin, Artiom"]
[Black "Harshavardhan G B"]
[WhiteFideId "13503111"]
[BlackFideId "25059009"]
[WhiteElo "2513"]
[BlackElo "1825"]
[Result "1-0"]
[Round "08"]
[TimeControl "180+1"]
[Date "2021.07.21"]
[WhiteClock "0:00:34"]
[BlackClock "0:00:12"]

1. e4 e5 2. Nf3 Nc6 3. d4 exd4 4. Bc4 Nf6 5. e5 d5 6. Bb5 Ne4 7. Nxd4 Bd7 8. Bxc6 bxc6 9. O-O Bc5 10. f3 Ng5 11. Be3 Bb6 12. f4 Ne4 13. Nd2 c5 14. N4f3 Nxd2 15. Qxd2 Bc6 16. f5 d4 17. Bg5 Qd5 18. Bh4 c4 19. Qg5 Bc5 20. Qxg7 Rf8 21. e6 Qxf5 22. exf7+ Rxf7 23. Rae1+ Kd7 24. Ne5+ Kc8 25. Qxf7 Qxf7 26. Rxf7 Bd5 27. Rxh7 Kb7 28. Bf2 Re8 29. Nf3 Rxe1+ 30. Nxe1 Be4 31. Rh4 d3 32. cxd3 cxd3 33. Nxd3 Bxd3 34. Bxc5 1-0


[Site "https://www.chess.com"]

[Event "Titled Tuesday Blitz July 20 2021"]
[White "Sarana, Alexey"]
[Black "Madaminov, Mukhiddin"]
[WhiteFideId "24133795"]
[BlackFideId "14210703"]
[WhiteElo "2646"]
[BlackElo "1747"]
[Result "0-1"]
[Round "08"]
[TimeControl "180+1"]
[Date "2021.07.20"]
[WhiteClock "0:00:09"]
[BlackClock "0:00:17"]

1. e4 e5 2. Nf3 Nc6 3. Bc4 Bc5 4. c3 Nf6 5. d3 a6 6. O-O O-O 7. h3 Ba7 8. Re1 d6 9. Bb3 Ne7 10. d4 Ng6 11. Nbd2 Nh5 12. Nf1 Nhf4 13. Ng3 h6 14. Be3 Qf6 15. Nh2 Nh4 16. Bxf4 Qxf4 17. Qd3 Be6 18. Rad1 Rad8 19. Bd5 c6 20. Bxe6 fxe6 21. Qe3 exd4 22. cxd4 e5 23. Ne2 Qf6 24. Ng4 Qe7 25. Qg3 exd4 26. Nxh6+ Kh7 27. Ng4 c5 28. Nf4 Rxf4 29. Qxf4 Rf8 30. Qg3 c4 31. e5 Nf5 32. Qa3 d5 33. Qxe7 Nxe7 34. e6 d3 35. Ne3 b5 36. g3 d4 37. Ng4 Rd8 38. Kg2 Bb6 39. Ne5 Ba5 40. Re4 d2 41. Nf3 c3 42. Nxd4 Rxd4 43. Rxd4 c2 44. R4xd2 Bxd2 45. Rxd2 c1=Q 46. Re2 Qc6+ 47. f3 Qc4 48. Kf2 Qxa2 49. g4 Qc4 0-1


[Site "https://www.chess.com"]

[Event "Titled Tuesday Blitz July 20 2021"]
[White "Saravana, Krishnan P."]
[Black "Filippova, Margarita"]
[WhiteFideId "5018382"]
[BlackFideId "34199680"]
[WhiteElo "2245"]
[BlackElo "1829"]
[Result "1-0"]
[Round "08"]
[TimeControl "180+1"]
[Date "2021.07.21"]
[WhiteClock "0:00:16"]
[BlackClock "0:00:21"]

1. d4 d5 2. c4 Nf6 3. cxd5 Nxd5 4. e4 Nf6 5. Nc3 Nc6 6. d5 Ne5 7. f4 Ng6 8. e5 Ng8 9. Bb5+ Bd7 10. e6 Bxb5 11. exf7+ Kxf7 12. Nxb5 Nf6 13. Nc3 Qd6 14. Nf3 Rd8 15. O-O h6 16. Qb3 Kg8 17. Ne5 Qc5+ 18. Kh1 Nxe5 19. fxe5 Nxd5 20. e6 Nxc3 21. bxc3 Qd5 22. Bf4 Qxb3 23. axb3 a6 24. Rad1 Rxd1 25. Rxd1 g5 26. Bxc7 Bg7 27. c4 Kh7 28. Rd7 Bf6 29. Bd6 Re8 30. Rxb7 Rd8 31. c5 Kg6 32. Rb6 a5 33. h4 exd6 34. cxd6 Re8 35. e7 Kf7 36. d7 Bxe7 37. dxe8=Q+ Kxe8 38. Rxh6 gxh4 39. Ra6 Bb4 40. Kh2 Kf7 41. Kh3 Be1 42. Rh6 Kg7 43. Rxh4 Bxh4 44. Kxh4 Kf6 45. Kh5 Ke5 46. g4 Kd4 47. g5 Kc3 48. g6 Kxb3 49. g7 a4 50. g8=Q+ Kb2 51. Qb8+ Kc2 52. Qc7+ Kb3 53. Qb6+ Kc2 54. Qc5+ Kb3 55. Qb5+ Ka3 56. Kg4 1-0


[Site "https://www.chess.com"]

[Event "Titled Tuesday Blitz July 20 2021"]
[White "Sargsyan, Anna M."]
[Black "Tokman, Ariel"]
[WhiteFideId "13308130"]
[BlackFideId "117420"]
[WhiteElo "2263"]
[BlackElo "2345"]
[Result "1-0"]
[Round "08"]
[TimeControl "180+1"]
[Date "2021.07.21"]
[WhiteClock "0:00:05"]
[BlackClock "0:00:02"]

1. d4 d5 2. c4 c6 3. Nf3 Nf6 4. Nc3 a6 5. c5 Nbd7 6. Bg5 h6 7. Bh4 g5 8. Bg3 Bg7 9. e3 Nh5 10. Bd3 Nxg3 11. hxg3 e5 12. Bf5 e4 13. Nd2 Nf6 14. Bxc8 Qxc8 15. Na4 Qf5 16. Nb6 Rd8 17. Nb3 Nd7 18. Na5 Nxb6 19. cxb6 Rd7 20. Rc1 O-O 21. Nb3 Rb8 22. Nc5 Rdd8 23. a4 Bf8 24. b4 Kg7 25. Qh5 Qg6 26. Qh2 Bxc5 27. Rxc5 Ra8 28. g4 Rd6 29. O-O Qe6 30. Qg3 Rd7 31. Rb1 Qd6 32. Qh3 Re7 33. g3 Re6 34. Qf1 Rf6 35. Qe2 Qd7 36. Kg2 Qd8 37. Rbc1 Qxb6 38. b5 axb5 39. axb5 Ra3 40. Qb2 Ra5 41. Rb1 Rxb5 42. Rxb5 Qxb5 43. Qxb5 cxb5 44. Rxb5 Rd6 45. Rxb7 Kg6 46. Kh3 f6 47. Kg2 h5 48. Kh3 hxg4+ 49. Kxg4 f5+ 50. Kh3 Kf6 51. g4 f4 52. Kg2 Kg6 53. Re7 Kf6 54. Re5 Kg6 55. Rf5 f3+ 56. Kg3 Rd8 57. Kh2 Rd6 58. Rf8 Rd7 59. Kg3 Rd6 60. Rg8+ Kf6 61. Rh8 Kg6 62. Kh3 Kg7 63. Re8 Kf7 64. Re5 Kf6 65. Kh2 Kg6 66. Kg1 Kf6 67. Kf1 Rd7 68. Ke1 Ra7 69. Rxd5 Ra1+ 70. Kd2 Ra2+ 71. Kc3 Rxf2 72. Rf5+ Ke6 73. d5+ Kd6 74. Kd4 Rg2 75. Kxe4 Rxg4+ 76. Kxf3 Rg1 77. e4 g4+ 78. Kf2 Rd1 79. Kg3 Re1 80. Rf4 Ke5 81. Rxg4 1-0


[Site "https://www.chess.com"]

[Event "Titled Tuesday Blitz July 20 2021"]
[White "Semenova, Elena"]
[Black "Luo, Terry"]
[WhiteFideId "24125148"]
[BlackFideId "30931045"]
[WhiteElo "2075"]
[BlackElo "2024"]
[Result "0-1"]
[Round "08"]
[TimeControl "180+1"]
[Date "2021.07.21"]
[WhiteClock "0:00:15"]
[BlackClock "0:00:42"]

1. e4 c6 2. d4 d5 3. Nd2 dxe4 4. Nxe4 Bf5 5. Ng3 Bg6 6. h4 h6 7. f4 e6 8. Nf3 Nf6 9. h5 Bh7 10. Bd3 Bxd3 11. Qxd3 Be7 12. Bd2 c5 13. O-O-O Nc6 14. f5 Nxd4 15. Nxd4 Qxd4 16. fxe6 Qxd3 17. exf7+ Kxf7 18. cxd3 Rad8 19. Bc3 Rd5 20. Rhf1 Rhd8 21. Kc2 b5 22. a3 b4 23. Bxf6 Bxf6 24. Ne4 Rxh5 25. axb4 cxb4 26. d4 Kg6 27. Nxf6 gxf6 28. Kb3 a5 29. Rf2 Rg5 30. Kc4 Rc8+ 31. Kb3 Kf7 32. d5 Rc5 33. Rdf1 Rcxd5 34. Rxf6+ Kg7 35. Rf7+ Kg6 36. R7f6+ Kg7 37. Rf7+ Kg6 38. R7f6+ Kh7 39. Rf7+ Rg7 40. R7f2 Rdg5 41. Rg1 Re7 42. Ka4 Rg3 43. b3 Rg5 44. g4 Kg6 45. Rh2 Re6 46. Rgh1 Kg7 47. Rh5 Rxg4 48. Rxh6 Rxh6 0-1


[Site "https://www.chess.com"]

[Event "Titled Tuesday Blitz July 20 2021"]
[White "Shahade, Gregory"]
[Black "Oliveira, Silvio Eduardo"]
[WhiteFideId "2009064"]
[BlackFideId "2111560"]
[WhiteElo "2686"]
[BlackElo "2302"]
[Result "1-0"]
[Round "08"]
[TimeControl "180+1"]
[Date "2021.07.21"]
[WhiteClock "0:00:08"]
[BlackClock "0:00:02"]

1. e4 e5 2. Nf3 Nc6 3. Bb5 Nf6 4. d3 d6 5. O-O g6 6. Re1 Bg7 7. d4 Bd7 8. Nc3 exd4 9. Nxd4 O-O 10. Bg5 h6 11. Bh4 g5 12. Bg3 Nxd4 13. Qxd4 Nh5 14. Qd3 Bxc3 15. bxc3 Nxg3 16. hxg3 Be6 17. Qf3 Kg7 18. e5 c6 19. Bd3 dxe5 20. Rxe5 Qf6 21. Qe4 Rfe8 22. Re1 Bd7 23. Qh7+ Kf8 24. f4 Rxe5 25. fxe5 Qg7 26. Qe4 Kg8 27. Qd4 Be6 28. a4 b6 29. Rf1 c5 30. Qd6 Qf8 31. Qc6 Qd8 32. Qe4 c4 33. Qh7+ Kf8 34. Qxh6+ Ke8 35. Be4 Rc8 36. Qh8+ Ke7 37. Qf6+ Ke8 38. Qh6 Qe7 39. Qh8+ Qf8 40. Qf6 Qe7 41. Qh6 Qc5+ 42. Kh2 Qxe5 43. Qh7 Ke7 44. Qh5 Rh8 45. Bh7 Qg7 46. Kg1 Rxh7 47. Qf3 Qxc3 48. Qxc3 g4 49. Qb4+ Kd7 50. Qb5+ Kc7 51. Qe5+ Kb7 52. Qe4+ Ka6 53. Qxh7 1-0


[Site "https://www.chess.com"]

[Event "Titled Tuesday Blitz July 20 2021"]
[White "Shevelev, Dmitri"]
[Black "Boidiya, Sidi"]
[WhiteFideId "2802627"]
[BlackFideId "19600100"]
[WhiteElo "2262"]
[BlackElo "2113"]
[Result "1-0"]
[Round "08"]
[TimeControl "180+1"]
[Date "2021.07.21"]
[WhiteClock "0:01:39"]
[BlackClock "0:01:09"]

1. d4 d5 2. Nf3 Nf6 3. Nc3 c6 4. Bg5 Bf5 5. Bxf6 exf6 6. e3 Qb6 7. Qd2 Nd7 8. O-O-O Bb4 9. Bd3 Bg6 10. h4 Qa5 11. a3 Bxc3 12. Qxc3 Qxc3 13. bxc3 Bxd3 14. cxd3 f5 15. Kc2 O-O 16. Rb1 b5 17. a4 a6 18. Rb2 Nf6 19. Ne5 Rac8 20. f3 Nh5 21. Ra1 f6 22. Nd7 Rfe8 23. Kd2 f4 24. e4 dxe4 25. fxe4 Rcd8 26. Nc5 Ng3 27. Nxa6 bxa4 28. Rxa4 f5 29. e5 Nf1+ 30. Ke2 Ne3 31. Nc5 Nxg2 32. Rb7 Kh8 33. Raa7 Rg8 34. h5 Nh4 35. h6 f3+ 36. Kf2 1-0


[Site "https://www.chess.com"]

[Event "Titled Tuesday Blitz July 20 2021"]
[White "Shvedova, Alexandra"]
[Black "Kilpatrick, Callum"]
[WhiteFideId "54154782"]
[BlackFideId "414425"]
[WhiteElo "1887"]
[BlackElo "2473"]
[Result "1-0"]
[Round "08"]
[TimeControl "180+1"]
[Date "2021.07.21"]
[WhiteClock "0:00:46"]
[BlackClock "0:00:40"]

1. e4 e5 2. Nf3 Nc6 3. Bc4 Nf6 4. d3 Be7 5. O-O O-O 6. Re1 d6 7. a4 Kh8 8. Nc3 Ng8 9. Nd5 f5 10. h3 Nf6 11. Nxe7 Qxe7 12. c3 Be6 13. Bb3 Qf7 14. Ng5 Bxb3 15. Nxf7+ Bxf7 16. exf5 h5 17. Bg5 Ne7 18. Bxf6 gxf6 19. Qd2 Nxf5 20. d4 Rg8 21. dxe5 fxe5 22. Kh1 Rg6 23. Rg1 Be8 24. Qd3 Bd7 25. Qf3 Rf8 26. Qxb7 Nh4 27. Qxc7 Rf7 28. Qd8+ Kh7 29. Qxh4 Kh6 30. Rad1 Rf4 31. Qe7 Bc6 32. Rxd6 1-0


[Site "https://www.chess.com"]

[Event "Titled Tuesday Blitz July 20 2021"]
[White "Sihite, Chelsie Monica Ignesias"]
[Black "Hryshchenko, Kamila"]
[WhiteFideId "7101198"]
[BlackFideId "14147491"]
[WhiteElo "2224"]
[BlackElo "1966"]
[Result "0-1"]
[Round "08"]
[TimeControl "180+1"]
[Date "2021.07.21"]
[WhiteClock "0:00:11"]
[BlackClock "0:00:27"]

1. c4 f5 2. Nf3 Nf6 3. g3 d6 4. Bg2 e5 5. O-O Be7 6. d4 e4 7. Ne1 c6 8. Nc3 d5 9. cxd5 cxd5 10. Bf4 O-O 11. Nc2 Nc6 12. Rc1 Be6 13. Be5 Rc8 14. f4 Nd7 15. e3 Nb6 16. Qe1 Nc4 17. Rb1 Nb4 18. Nxb4 Bxb4 19. Qf2 Qa5 20. Rfc1 Nxb2 21. Rxb2 b6 22. Rxb4 Qxb4 23. Ne2 Qd2 24. Rxc8 Rxc8 25. Bf1 Rc2 26. g4 b5 27. Kh1 Rc1 28. Kg1 Re1 29. Kg2 a5 30. Qh4 Rxe2+ 31. Bxe2 Qxe2+ 32. Qf2 Qxg4+ 33. Qg3 b4 34. Qxg4 fxg4 35. Bd6 Kf7 36. Bc7 a4 37. Ba5 b3 38. axb3 axb3 39. Bc3 Kg6 40. Kg3 Kh5 41. Bb2 g5 42. Ba3 gxf4+ 43. Kxf4 Kh4 44. Ke5 Bg8 45. Kf5 h5 46. Kg6 Be6 47. Kf6 Bc8 48. Ke5 Bb7 49. Kf6 Kh3 50. Kg5 h4 51. Kf4 g3 0-1


[Site "https://www.chess.com"]

[Event "Titled Tuesday Blitz July 20 2021"]
[White "Silich, Yahor"]
[Black "Bach, Ngoc Thuy Duong"]
[WhiteFideId "13513656"]
[BlackFideId "12408956"]
[WhiteElo "2142"]
[BlackElo "1896"]
[Result "1-0"]
[Round "08"]
[TimeControl "180+1"]
[Date "2021.07.21"]
[WhiteClock "0:00:02"]
[BlackClock "0:00:02"]

1. e4 c5 2. Nf3 d6 3. Bb5+ Nc6 4. O-O Bd7 5. Re1 a6 6. Bf1 Nf6 7. c3 Bg4 8. h3 Bxf3 9. Qxf3 g6 10. d3 Bg7 11. Be3 Nd7 12. Nd2 O-O 13. Qd1 b5 14. Nf3 b4 15. d4 Qc7 16. Rc1 a5 17. a4 bxc3 18. bxc3 Rab8 19. Bb5 Rfd8 20. Qd2 Na7 21. Bc4 Nb6 22. Bb3 c4 23. Bc2 Nc6 24. Rb1 d5 25. e5 Rb7 26. Rb5 e6 27. Reb1 Rdb8 28. Qc1 Nc8 29. Rxb7 Rxb7 30. Rxb7 Qxb7 31. Qb1 Qxb1+ 32. Bxb1 Nb6 33. Bc2 Ne7 34. Bc1 Bf8 35. g4 Nc6 36. Kg2 Be7 37. Ng1 f6 38. exf6 Bxf6 39. f4 Kf7 40. Nf3 Ke7 41. h4 Kd7 42. h5 Ke7 43. hxg6 hxg6 44. Ba3+ Kf7 45. Kg3 Be7 46. Bc1 Bd6 47. Ng5+ Kf6 48. Kf3 Ne7 49. Nh3 Ng8 50. Nf2 Ne7 51. Nd1 Nc6 52. Ne3 Kg7 53. Ng2 Kf6 54. Nh4 Ne7 55. Kf2 Kg7 56. Nf3 Kf6 57. Ke3 Nc6 58. Bd2 Ne7 59. Be1 Kg7 60. Bh4 Nc6 61. Bg3 Kf6 62. Ng5 Ne7 63. Bh4 Kg7 64. Nxe6+ Kf7 65. Ng5+ Kg7 66. Nf3 Nc6 67. Ne5 Bxe5 68. fxe5 Kf7 69. Kf4 Nd7 70. Kg5 Nf8 71. Kf4 Ne6+ 72. Ke3 g5 73. Bg3 Kg7 74. Kd2 Kf7 75. Kc1 Nc7 76. Kb2 Ne6 77. Ka3 Ne7 78. Bb1 Nd8 79. Bc2 Ke6 80. Ka2 Nf7 81. Bf2 Nh6 82. Be3 Nxg4 83. Bxg5 Nf2 84. Bc1 1-0


[Site "https://www.chess.com"]

[Event "Titled Tuesday Blitz July 20 2021"]
[White "Sinitsina, Anastassia"]
[Black "Pastar, Slaven"]
[WhiteFideId "4504640"]
[BlackFideId "14402718"]
[WhiteElo "2204"]
[BlackElo "2150"]
[Result "0-1"]
[Round "08"]
[TimeControl "180+1"]
[Date "2021.07.21"]
[WhiteClock "0:00:36"]
[BlackClock "0:00:17"]

1. Nf3 b6 2. g3 Bb7 3. Bg2 g6 4. O-O Bg7 5. d4 d6 6. c4 Nd7 7. Nc3 f5 8. d5 h6 9. Nd4 Nf8 10. Ne6 Nxe6 11. dxe6 Bxg2 12. Qa4+ c6 13. Kxg2 Qc8 14. Nd5 Nf6 15. Nf4 g5 16. Nd5 Kf8 17. Ne3 Qxe6 18. Qxc6 Rc8 19. Qf3 f4 20. gxf4 g4 21. Qb7 h5 22. f5 Qe4+ 23. Qxe4 Nxe4 24. f3 gxf3+ 25. exf3 Nc5 26. Rb1 Rg8 27. Kh1 Nd3 28. b3 Bh6 29. Bd2 h4 30. h3 Rg3 31. Kh2 Bf4 32. Kh1 Rxh3+ 33. Kg2 Rg3+ 34. Kh1 Kf7 35. Rbd1 Rh3+ 36. Kg1 Bxe3+ 0-1


[Site "https://www.chess.com"]

[Event "Titled Tuesday Blitz July 20 2021"]
[White "Song, Michael"]
[Black "Turgut, Aydin"]
[WhiteFideId "2613190"]
[BlackFideId "2078791"]
[WhiteElo "2274"]
[BlackElo "2138"]
[Result "0-1"]
[Round "08"]
[TimeControl "180+1"]
[Date "2021.07.20"]
[WhiteClock "0:00:21"]
[BlackClock "0:00:42"]

1. d4 d5 2. c4 e6 3. Nc3 Bb4 4. cxd5 exd5 5. Bf4 c5 6. e3 c4 7. Nf3 Nf6 8. Qc2 Ne4 9. Nd2 Bf5 10. Ndxe4 Bxe4 11. Qc1 Nc6 12. Be2 Bxg2 13. Rg1 Be4 14. Kf1 Bg6 15. Bf3 Bxc3 16. Qxc3 Qd7 17. Bg4 Qe7 18. Kg2 O-O 19. Bf3 Qe6 20. h4 b5 21. Kh2 b4 22. Qe1 Qf6 23. Bxd5 Nxd4 24. Qxb4 Qxh4+ 25. Kg2 Qg4+ 26. Bg3 Be4+ 27. Bxe4 Qxe4+ 28. Kf1 Qd3+ 29. Kg2 Qe4+ 30. Kf1 Nc2 0-1


[Site "https://www.chess.com"]

[Event "Titled Tuesday Blitz July 20 2021"]
[White "Spata, German"]
[Black "Onufrienko, Vladislav"]
[WhiteFideId "113026"]
[BlackFideId "13804332"]
[WhiteElo "2238"]
[BlackElo "1661"]
[Result "1-0"]
[Round "08"]
[TimeControl "180+1"]
[Date "2021.07.21"]
[WhiteClock "0:00:11"]
[BlackClock "0:00:17"]

1. Nf3 d5 2. e3 c6 3. c4 e6 4. Nc3 f5 5. d4 Nf6 6. Bd3 Bd6 7. Qc2 O-O 8. Bd2 b6 9. cxd5 cxd5 10. Nb5 Ba6 11. Nxd6 Bxd3 12. Qxd3 Qxd6 13. a3 Nc6 14. O-O Rfc8 15. Rfc1 Ne4 16. Be1 a6 17. a4 h6 18. Rc2 a5 19. Rac1 Rc7 20. g3 Rac8 21. Kg2 g5 22. Qa6 g4 23. Ne5 Nxe5 24. dxe5 Qxe5 25. Rxc7 Rxc7 26. Qa8+ Kh7 27. Qb8 Nc5 28. Bc3 Qe4+ 29. Kg1 Rd7 30. Qh8+ Kg6 31. Bd4 Nb3 32. Qg8+ Kh5 33. Qe8+ Kg5 34. Qxd7 Nxc1 35. Qg7+ Kh5 36. Qf7+ Kg5 37. Bf6# 1-0


[Site "https://www.chess.com"]

[Event "Titled Tuesday Blitz July 20 2021"]
[White "Sukandar, Irine Kharisma"]
[Black "Dang, Hoang Son"]
[WhiteFideId "7101937"]
[BlackFideId "12402435"]
[WhiteElo "2313"]
[BlackElo "2248"]
[Result "1/2-1/2"]
[Round "08"]
[TimeControl "180+1"]
[Date "2021.07.21"]
[WhiteClock "0:00:33"]
[BlackClock "0:00:05"]

1. d4 Nf6 2. Bf4 g6 3. Nc3 Bg7 4. e4 O-O 5. Qd2 d5 6. e5 Ne4 7. Nxe4 dxe4 8. O-O-O c5 9. dxc5 Qc7 10. h4 Be6 11. h5 Nc6 12. hxg6 Rad8 13. gxh7+ Kh8 14. Qe1 Nxe5 15. Rxd8 Rxd8 16. Nh3 Qxc5 17. Qe3 Qd5 18. Be2 Qxa2 19. Qa3 Qxa3 20. bxa3 Nc4 21. Ng5 Nxa3 22. Nxe6 fxe6 23. Rh3 Rf8 24. Be3 b5 25. Bc5 Nc4 26. Bxc4 bxc4 27. Bxa7 Ra8 28. Bc5 Bf6 29. Kd2 Rc8 30. Bb4 Rb8 31. Bc3 Rd8+ 32. Ke2 Rd5 33. Bb4 Rb5 34. Bc3 Rg5 35. Bxf6+ exf6 36. g3 Rg7 37. Ke3 f5 38. Kd4 Rd7+ 39. Kxc4 Rd2 40. Kb3 Rxf2 41. c4 e3 42. Kc3 Rf3 43. Kd3 f4 44. c5 fxg3 45. Rh1 g2 46. Rg1 Rf1 47. Rxg2 Rc1 48. Rg5 Kxh7 49. Kxe3 Kh6 50. Re5 Kg7 51. Kd4 Kf6 52. Rh5 e5+ 53. Kd5 Rd1+ 54. Kc6 e4 55. Rh8 Ke5 56. Re8+ Kf4 57. Kb7 Rb1+ 58. Kc7 e3 59. c6 Kf3 60. Kd7 e2 61. c7 Rd1+ 62. Kc8 Rc1 63. Rxe2 Kxe2 64. Kb8 Rxc7 65. Kxc7 1/2-1/2


[Site "https://www.chess.com"]

[Event "Titled Tuesday Blitz July 20 2021"]
[White "Tanenbaum, Zachary"]
[Black "Djordjevic, Dejan N"]
[WhiteFideId "2060850"]
[BlackFideId "913316"]
[WhiteElo "2165"]
[BlackElo "2262"]
[Result "1-0"]
[Round "08"]
[TimeControl "180+1"]
[Date "2021.07.21"]
[WhiteClock "0:00:01"]
[BlackClock "0:00:01"]

1. e4 c5 2. Nf3 Nc6 3. Nc3 g6 4. d4 cxd4 5. Nxd4 Bg7 6. Be3 d6 7. f3 Nf6 8. Qd2 h5 9. O-O-O Qa5 10. Nb3 Qc7 11. Nd5 Nxd5 12. exd5 Ne5 13. Bd4 O-O 14. f4 Ng4 15. Bxg7 Kxg7 16. h3 Nf6 17. Qd4 Bf5 18. Bd3 Bxd3 19. Rxd3 Rac8 20. Rc3 Qd7 21. Re3 b5 22. Qd3 Rc4 23. f5 Rfc8 24. Nd4 Nxd5 25. Rf3 Nb4 26. Qd2 Rxc2+ 27. Nxc2 Rxc2+ 28. Qxc2 Nxc2 29. Kxc2 Qc6+ 30. Kb1 Qe4+ 31. Ka1 gxf5 32. Rhf1 e6 33. R3f2 h4 34. a3 d5 35. Ka2 a5 36. Rf4 Qxg2 37. R1f3 Kf6 38. Rb3 Qg5 39. Rff3 Qg2 40. Rf4 Kg5 41. Rd4 Qe2 42. Rdd3 f4 43. Rdc3 1-0


[Site "https://www.chess.com"]